 Dungeon Crawl Stone Soup version 0.30-a0-1053-gbd8d5ba0ad (webtiles) character file.

Game seed: 16897452349103433147

3539 anonymouscript the Thaumaturge (level 10, -1/70 HPs)
             Began as a Djinni Fire Elementalist on Apr 11, 2023.
             Slain by a boulder beetle (22 damage)
             ... on level 8 of the Dungeon.
             The game lasted 00:25:40 (7032 turns).

anonymouscript the Thaumaturge (DjFE)               Turns: 7032, Time: 00:25:41

Health: -1/70      AC:  5    Str: 12    XL:     10   Next: 29%
Gold:   493        EV: 13    Int: 25    God:
                   SH:  0    Dex: 14

rFire   + + .      SeeInvis .    m - +4 quarterstaff (chaos)
rCold   x . .      Faith    .    (shield currently unavailable)
rNeg    . . .      Spirit   .    a - +0 robe
rPois   ∞          Reflect  .    (no helmet)
rElec   +          Rampage  .    n - +2 cloak
rCorr   .                        (no gloves)
Will    +....                    (boots unavailable)
Stlth   ++                       F - amulet "Lojepontee" {rElec Regen+ Str+5 Int+4}
HPRegen 1.11/turn                (no ring)
MPRegen 0.00/turn                (no ring)

@: brilliant, freezing walls, flying, studying Fighting
A: sickness immunity, fire resistance 2, cold vulnerability 1, float, innate
caster, HP casting, extra vitality 1
a: no special abilities


You were on level 8 of the Dungeon.
You visited 2 branches of the dungeon, and saw 9 of its levels.

You collected 493 gold pieces.

Inventory:

Hand Weapons
 h - a +1 dagger of draining
 l - a +2 hammer of draining
 m - a +4 quarterstaff of chaos (weapon)
 C - a +2 dagger of venom
Missiles
 H - 2 throwing nets
 N - 4 boomerangs
Armour
 a - a +0 robe (worn)
 n - a +2 cloak (worn)
 s - a +0 buckler
Jewellery
 b - an amulet of the acrobat
 F - the amulet "Lojepontee" (around neck) {rElec Regen+ Str+5 Int+4}
   (You found it on level 5 of the Dungeon)

   [amulet of regeneration]

   Str:       It affects your strength (+5).
   Int:       It affects your intelligence (+4).
   rElec:     It insulates you from electricity.
   Regen:     It increases your rate of health regeneration.
Wands
 q - a wand of polymorph (7)
 L - a wand of acid (9)
 M - a wand of flame (32)
Scrolls
 c - 6 scrolls of identify {unknown}
 d - 3 scrolls of fog {unknown}
 e - 2 scrolls of immolation {unknown}
 j - a scroll of magic mapping {unknown}
 o - 2 scrolls of noise {unknown}
 r - 2 scrolls of poison {unknown}
 w - a scroll of brand weapon {unknown}
 x - 3 scrolls of vulnerability {unknown}
 y - 3 scrolls of teleportation {unknown}
 z - a scroll of fear {unknown}
 A - a scroll of torment {unknown}
 B - a scroll of summoning {unknown}
 D - 2 scrolls of enchant weapon {unknown}
 E - 2 scrolls of blinking {unknown}
 J - a scroll of amnesia {unknown}
 K - 2 scrolls of silence {unknown}
Potions
 f - 2 potions of lignification {unknown}
 g - 2 potions of brilliance
 i - a potion of heal wounds {unknown}
 k - a potion of invisibility {unknown}
 p - 5 potions of curing
 t - a potion of flight {unknown}
 u - 2 potions of attraction {unknown}
 v - a potion of cancellation {unknown}
 G - a potion of mutation {unknown}
 I - a potion of resistance {unknown}
 O - a potion of haste {unknown}


   Skills:
 * Level 5.4 Fighting
 + Level 0.1 Staves
 + Level 3.5 Dodging
 + Level 3.8 Stealth
 + Level 10.1 Spellcasting


You knew the following spells:

 Your Spells              Type           Power      Damage    Failure   Level
a - Foxfire               Conj/Fire      100%       2x1d9     1%          1
b - Scorch                Fire           100%       2d9       1%          2
c - Volatile Blastmotes   Fire/Tloc      100%       2d18      1%          3
d - Inner Flame           Hex/Fire       76%        N/A       1%          3
e - Flame Wave            Conj/Fire      76%        2d17      1%          4
f - Apportation           Tloc           100%       N/A       1%          1
g - Poisonous Vapours     Pois/Air       100%       N/A       1%          2
h - Ignite Poison         Fire/Tmut/Pois 76%        N/A       1%          3
i - Frozen Ramparts       Ice            100%       1d16      1%          3
Your spell library was empty.

Dungeon Overview and Level Annotations

Branches:
Dungeon (8/15)             Temple (1/1) D:6
   Lair: D:8-11

Altars:
Ashenzari
Dithmenos
Elyvilon
Gozag
Hepliaklqana
Makhleb
Nemelex Xobeh
Okawaru
Qazlal
Ru
Uskayaw
Wu Jian
Xom
Zin
The Shining One

Shops:
D:6 *

Annotations:
D:4 3 runed translucent doors, Pimp's ghost, amateur HuFi; oldplebian's ghost, amateur MfGl


Innate Abilities, Weirdness & Mutations

You are immune to sickness and miasma.
You are immune to poison.
Your flesh is very heat resistant. (rF++)
You are vulnerable to cold. (rC-)
You float through the air rather than walking.
You learn spells naturally, not from books.
Your magical power is your life essence.
You have superior vitality. (+4 MHP)


Message History

Confirm with . or Enter, or press ? or * to list all spells.
A cloud of volatile blastmotes flares up around you!
The cloud of blastmotes explodes!
The concussive blast engulfs the boulder beetle.
The boulder beetle is lightly wounded.
Casting: Volatile Blastmotes (safe; 1% risk of failure)
Confirm with . or Enter, or press ? or * to list all spells.
A cloud of volatile blastmotes flares up around you!
The cloud of blastmotes explodes!
The concussive blast engulfs the boulder beetle but does no damage.
The boulder beetle is lightly wounded.
Casting: Volatile Blastmotes (safe; 1% risk of failure)
Confirm with . or Enter, or press ? or * to list all spells.
Flames lash the boulder beetle but do no damage.
Casting: Scorch (safe; 1% risk of failure)
Confirm with . or Enter, or press ? or * to list all spells.
Flames lash the boulder beetle but do no damage.
The boulder beetle bites you!
Casting: Scorch (safe; 1% risk of failure)
Confirm with . or Enter, or press ? or * to list all spells.
Aiming: Poisonous Vapours (safe; 1% risk of failure)
Press: ? - help, Dir - move target, f - boulder beetle
Aim: a boulder beetle (lightly wounded) Poisonous vapours surround the boulder beetle!
The boulder beetle is poisoned.
The boulder beetle bites you!
It was a potion of brilliance.
You feel clever all of a sudden. The boulder beetle bites you!
Casting: Poisonous Vapours (safe; 1% risk of failure)
Confirm with . or Enter, or press ? or * to list all spells.
Casting: Frozen Ramparts (safe; 1% risk of failure)
Press: ? - help, Dir - look around, f - activate You feel a surge of power!
The walls around you are covered in ice.
The wall freezes the boulder beetle but does no damage.
The boulder beetle bites you!
* * * LOW HITPOINT WARNING * * *
You feel better.
The wall freezes the boulder beetle!
The boulder beetle bites you!!
You die...

.....#...##......###.. ##....##..
.....'...#........#... +.........
.....#...#........#... #.........
.....#...#........#.. #.........
..################# #####.###.
..##########################.####
..##.(B§§...#.......#...#....##..
..#######.#.#####.#.###.#.##.##..
..# ...#§...B@.#.....#..#.##..
..# ##+###.###########)##.#.###.
### # .... #.#..#.###. ..# #.####
#.####.##.. ..# #. #.#....##..
..# # #.#.#####.. ..# #.#....##..
..# #.####.##.. ..# #..))).##..


You could see a boulder beetle (very poisoned).

Vanquished Creatures
  A hornet (D:8)
  A steam dragon (D:8)
  Menkaure (D:5)
  Duvessa (D:7)
  3 black bears
  An ice beast (D:6)
  A sky beast (D:7)
  2 centaurs
  3 ogres
  2 phantoms
  4 bullfrogs
  3 gnoll sergeants
  4 scorpions (D:5)
  Dowan (D:7)
  5 killer bees (D:7)
  3 howler monkeys (D:8)
  A jelly (D:6)
  4 hounds
  2 orc priests (D:3)
  Crazy Yiuf (D:3)
  A gnoll bouda (D:7)
  Natasha (thrice) (D:3)
  5 iguanas
  22 gnolls
  8 adders
  A shadow imp (D:8)
  2 white imps
  5 ufetubi
  A worm (D:4)
  6 dart slugs
  8 orcs
  9 endoplasms
  6 giant cockroaches
  17 goblins
  7 hobgoblins
  4 jackals
  10 quokkas
  12 ball pythons
  2 bats (D:1)
  3 frilled lizards
  7 kobolds
  7 rats
190 creatures vanquished.

Vanquished Creatures (others)
  455 foxfires
  A plant (D:1)
456 creatures vanquished.

Grand Total: 646 creatures vanquished

Notes
Turn   | Place    | Note
-------+----------+-------------------------------------------
     0 | D:1      | anonymouscript the Djinni Fire Elementalist began the quest
                  | for the Orb.
     0 | D:1      | anonymouscript set off with the following spells memorised:
                  | Foxfire, Scorch, Volatile Blastmotes, Inner Flame, Flame
                  | Wave.
     0 | D:1      | Reached XP level 1. HP: 15/15 MP: 0/0
    21 | D:1      | Reached XP level 2. HP: 13/21 MP: 0/0
   171 | D:1      | Reached skill level 3 in Spellcasting
   188 | D:1      | Found a faded altar of an unknown god.
   227 | D:1      | Reached XP level 3. HP: 21/25 MP: 0/0
   227 | D:1      | Learned a level 1 spell: Apportation
   850 | D:2      | Reached XP level 4. HP: 25/31 MP: 0/0
  1141 | D:2      | Reached XP level 5. HP: 28/35 MP: 0/0
  1141 | D:2      | Learned a level 2 spell: Poisonous Vapours
  1841 | D:3      | Reached skill level 4 in Spellcasting
  1970 | D:3      | Found an opulent altar of Gozag.
  1970 | D:3      | Found a sacrificial altar of Ru.
  1971 | D:3      | Found a shimmering altar of Xom.
  2040 | D:3      | Found a runed translucent door.
  2042 | D:3      | Noticed Crazy Yiuf
  2050 | D:3      | Killed Crazy Yiuf
  2185 | D:3      | Reached XP level 6. HP: 39/41 MP: 0/0
  2742 | D:3      | Noticed Natasha
  2750 | D:3      | Killed Natasha
  2904 | D:3      | Noticed Natasha
  2907 | D:3      | Killed Natasha
  2980 | D:3      | Noticed Natasha
  2984 | D:3      | Killed Natasha
  3102 | D:4      | Found a hazy altar of Hepliaklqana.
  3376 | D:4      | Reached skill level 5 in Spellcasting
  3376 | D:4      | Reached XP level 7. HP: 25/46 MP: 0/0
  3376 | D:4      | Learned a level 3 spell: Ignite Poison
  3657 | D:4      | Found a runed translucent gate.
  3658 | D:4      | Found a runed translucent gate.
  3659 | D:4      | Found a runed translucent gate.
  3791 | D:4      | Reached skill level 1 in Fighting
  4297 | D:4      | Noticed Pimp's ghost (amateur HuFi)
  4297 | D:4      | Noticed oldplebian's ghost (amateur MfGl)
  4427 | D:5      | Entered Level 5 of the Dungeon
  4427 | D:5      | Noticed Menkaure
  4431 | D:5      | Killed Menkaure
  4432 | D:5      | Reached skill level 6 in Spellcasting
  4432 | D:5      | Reached XP level 8. HP: 50/52 MP: 0/0
  4608 | D:5      | Reached skill level 7 in Spellcasting
  4955 | D:5      | Identified the amulet "Lojepontee" {rElec Regen+ Str+5
                  | Int+4}
  5031 | D:5      | Reached XP level 9. HP: 48/59 MP: 0/0
  5031 | D:5      | Learned a level 3 spell: Frozen Ramparts
  5425 | D:6      | Found Hevax's Overcharged Wands.
  5478 | D:6      | Reached skill level 8 in Spellcasting
  5787 | D:6      | Found an ornate altar of the Wu Jian Council.
  5876 | D:6      | Found a staircase to the Ecumenical Temple.
  5885 | Temple   | Entered the Ecumenical Temple
  6176 | D:7      | Reached skill level 9 in Spellcasting
  6370 | D:7      | Noticed Duvessa
  6376 | D:7      | Noticed Dowan
  6381 | D:7      | Killed Duvessa
  6382 | D:7      | Reached XP level 10. HP: 57/67 MP: 0/0
  6389 | D:7      | Killed Dowan
  6666 | D:8      | Reached skill level 10 in Spellcasting
  6670 | D:8      | Reached skill level 5 in Fighting
  7012 | D:8      | Noticed a boulder beetle
  7032 | D:8      | Slain by a boulder beetle

Illustrated notes

Levels and vault maps discovered:
D:1:      giann_bridges, layout_loops_ring,
          shapermc_ecumenical_altar_mp_urbaneastern, minmay_heptomino_o4
D:2:      layout_basic, hangedman_abyss_or_decor_stabs
D:3:      layout_loops_ring, nicolae_overflow_hidden_temple, uniq_natasha,
          uniq_crazy_yiuf_cottage
D:4:      cheibrodos_barr_body, layout_cave_pods, mainiacjoe_overflow_paths,
          gammafunk_ghost_cemetery, minmay_ogre_servants
D:5:      layout_loops_ring, minmay_fractal_squares_5, uniq_menkaure
D:6:      layout_cave_pools, general_overflow_altar,
          minmay_temple_entry_poolview, nicolae_shop_overcharged_wands
D:7:      layout_rooms, roderic_three_in_a_row, uniq_duvessa
D:8:      layout_gridville, grunt_temple_overflow_growth_and_decay,
          wad_mini_maze
Temple:   nicolae_temple_x_marks_the_god

Skill      XL: |  1  2  3  4  5  6  7  8  9 10 |
---------------+-------------------------------+-----
Spellcasting   | 3 4 5 6 7 9 10 | 10.1
Stealth        | 2 3 |  3.8
Fighting       | 1 2 3 5 |  5.4
Dodging        | 3 |  3.5
Staves         | |  0.1

Action                     |  1- 3 |  4- 6 |  7- 9 | 10-12 || total
---------------------------+-------+-------+-------+-------++-------
  Melee: Quarterstaff      |       |     4 |     1 |       ||     5
   Cast: Foxfire           |    64 |    90 |   105 |    15 ||   274
         Scorch            |     4 |    30 |    40 |    11 ||    85
         Poisonous Vapours |       |     1 |    23 |     3 ||    27
         Volatile Blastmot |       |     1 |     4 |     7 ||    12
         Inner Flame       |       |     1 |     2 |     1 ||     4
         Ignite Poison     |       |       |    11 |     2 ||    13
         Flame Wave        |       |       |     4 |       ||     4
         Apportation       |       |       |       |     1 ||     1
         Frozen Ramparts   |       |       |       |     1 ||     1
    Use: Potion            |       |       |       |     2 ||     2
 Armour: Robe              |     3 |     3 |    19 |     1 ||    26
  Dodge: Dodged            |     9 |    18 |    37 |     7 ||    71

Table legend: (Time is in decaauts)
 A = Elapsed time spent in this place.
 B = Non-inter-level travel time spent in this place.
 C = Inter-level travel time spent in this place.
 D = Time resting spent in this place.
 E = Time spent auto-exploring this place.
 F = Levels seen in this place.
 G = Mean time per level.
                   A        B        C        D        E       F      G
               +--------+--------+--------+--------+--------+-----+--------+
         Total |   7031 |   6834 |    197 |    447 |   5108 |   9 |  781.2 |
       Dungeon |   6976 |   6787 |    189 |    447 |   5066 |   8 |  872.0 |
        Temple |     54 |     46 |      8 |      0 |     42 |   1 |   54.0 |
               +--------+--------+--------+--------+--------+-----+--------+

Top non-repeatable levels by time:
     D:4: 1331 daAuts
     D:3: 1263 daAuts
     D:5: 993 daAuts
     D:2: 989 daAuts
     D:1: 842 daAuts
     D:6: 592 daAuts
     D:7: 515 daAuts
     D:8: 447 daAuts
  Temple: 54 daAuts
